 Dungeon Crawl Stone Soup version 0.25-a0-614-g73ad250637 (webtiles) character file.

Game seed: 11407557081094483032, levelgen mode: deterministic

93 kae the Insei (level 4, -3/37 HPs)
             Began as a Demonspawn Monk on Mar 17, 2020.
             Slain by an ice beast (9 damage)
             ... on level 2 of the Dungeon.
             The game lasted 00:01:20 (2047 turns).

kae the Insei (Demonspawn Monk)                     Turns: 2047, Time: 00:01:21

Health: -3/37      AC:  3    Str: 13    XL:     4   Next: 37%
Magic:  4/4        EV: 13    Int: 11    God:
Gold:   50         SH:  0    Dex: 15    Spells: 3/3 levels left

rFire    . . .     SeeInvis .     - Unarmed
rCold    . . .     Gourm    .   (no shield)
rNeg     . . .     Faith    .   a - +1 robe
rPois    .         Spirit   .   (helmet restricted)
rElec    .         Reflect  .   (no cloak)
rCorr    .         Harm     .   (no gloves)
MR       .....                  (no boots)
Stlth    ++........             (no amulet)
HPRegen  0.12/turn              (no ring)
MPRegen  0.09/turn              (no ring)

@: no status effects
A: claws 1, horns 1, powered by pain 1
a: no special abilities


You were on level 2 of the Dungeon.
You were hungry.

You visited 1 branch of the dungeon, and saw 2 of its levels.

You collected 50 gold pieces.

Inventory:

Armour
 a - a +1 robe (worn)
Jewellery
 e - an uncursed amulet of guardian spirit {unknown}
Scrolls
 g - a scroll of identify
Potions
 d - a potion of curing
Comestibles
 b - 2 rations


   Skills:
 + Level 3.8 Fighting
 - Level 2.6 Dodging
 - Level 1.7 Stealth
 * Level 4.2 Unarmed Combat


You had 3 spell levels left.
You didn't know any spells.
Your spell library was empty.

Dungeon Overview and Level Annotations

Branches:
Dungeon (2/15)

Altars:


Innate Abilities, Weirdness & Mutations

You have sharp fingernails.
You have a pair of small horns on your head.
You sometimes gain a little power by taking damage.


Message History

Found a mace.
You are too injured to fight recklessly!
There are monsters nearby!
There are monsters nearby!
There are monsters nearby!
You scratch the ice beast but do no damage.
You scratch the ice beast.
You headbutt the ice beast, but do no damage.
The ice beast is lightly wounded.
The ice beast hits you but does no damage.
You barely miss the ice beast. Your headbutt misses the ice beast.
The ice beast is lightly wounded.
The ice beast hits you. The ice beast freezes you!
* * * LOW HITPOINT WARNING * * *
You closely miss the ice beast.
The ice beast is lightly wounded.
The ice beast hits you.
* * * LOW HITPOINT WARNING * * *
The ice beast freezes you!
You die...

##### ####...# #..<...##
#.......# #...รท...#
#.......# #(.@###.# ##Y##
#.######### .#######.#
#.........# .........#
#########.# .........# #.#
........#############.#
........#...?........)#
).S.....#.################
######.##.#...............


You could see an ice beast.

Vanquished Creatures
  A scorpion (D:2)
  Jessica (D:2)
  A dart slug (D:1)
  A giant cockroach (D:1)
  4 goblins (D:1)
  2 hobgoblins
  2 kobolds (D:1)
  2 bats (D:1)
  3 frilled lizards (D:1)
  3 rats
  A plant (D:1)
21 creatures vanquished.

Notes
Turn   | Place    | Note
-------+----------+-------------------------------------------
     0 | D:1      | kae the Demonspawn Monk began the quest for the Orb.
     0 | D:1      | Reached XP level 1. HP: 18/18 MP: 1/1
   269 | D:1      | Reached skill level 3 in Unarmed Combat
   306 | D:1      | Gained mutation: You sometimes gain a little power by
                  | taking damage. [demonic ancestry]
   306 | D:1      | Reached XP level 2. HP: 13/24 MP: 2/2
  1728 | D:2      | Noticed a scorpion
  1744 | D:2      | HP: 1/24 [poisoned by a scorpion]
  1748 | D:2      | Killed a scorpion
  1748 | D:2      | Reached skill level 4 in Unarmed Combat
  1748 | D:2      | Gained mutation: You have a pair of small horns on your
                  | head. [demonic ancestry]
  1748 | D:2      | Reached XP level 3. HP: 13/30 MP: 3/3
  1918 | D:2      | Noticed Jessica
  1928 | D:2      | Killed Jessica
  1928 | D:2      | Gained mutation: You have sharp fingernails. [demonic
                  | ancestry]
  1928 | D:2      | Reached XP level 4. HP: 27/37 MP: 4/4
  2039 | D:2      | Noticed an ice beast
  2047 | D:2      | Slain by an ice beast

Levels and vault maps discovered:
D:1:      nagdon_arrival_zigzag_paths, layout_basic
D:2:      layout_basic, minmay_misc_feat_square, uniq_jessica

Skill      XL: |  1  2 |
---------------+-------+-----
Unarmed Combat | 3 4 |  4.2
Fighting       | |  3.8
Dodging        | |  2.6
Stealth        | |  1.7

Action                   |  1- 3 |  4- 6 || total
-------------------------+-------+-------++-------
Melee: Unarmed           |   158 |     5 ||   163
       Punch             |     1 |       ||     1
       Headbutt          |       |     1 ||     1
  Use: Scroll            |     7 |       ||     7
       Potion            |     1 |       ||     1
 Stab: Sleeping          |     3 |       ||     3
  Eat: Chunk             |     2 |     1 ||     3
Armor: Robe              |    15 |     1 ||    16
Dodge: Dodged            |    50 |       ||    50

Table legend:
 A = Non-vault XP
 B = Vault XP
 C = Vault XP percentage of total XP
 D = Non-vault monster count
 E = Vault monster count
 F = Vault count percentage of total count
                 A         B        C        D         E       F
            +---------+---------+-------+---------+---------+-------
      Total |      97 |      37 |  27.6 |      19 |       1 |   5.0
            +---------+---------+-------+---------+---------+-------
        D:1 |      27 |       0 |   0.0 |      16 |       0 |   0.0
        D:2 |      70 |      37 |  34.6 |       3 |       1 |  25.0
            +---------+---------+-------+---------+---------+-------
